 Dungeon Crawl Stone Soup version 0.32-a0-859-gb0a091d592 (webtiles) character file.

Game seed: 2782718091273342780

50 Spyfire242 the Shooter (level 3, -1/20 HPs)
             Began as a Tengu Hexslinger on Mar 26, 2024.
             Killed from afar by an orc wizard (13 damage)
             ... with a puff of flame
             ... on level 3 of the Dungeon on Mar 28, 2024.
             The game lasted 00:06:38 (1657 turns).

Spyfire242 the Shooter (Tengu Hexslinger)           Turns: 1657, Time: 00:06:39

Health: -1/20      AC:  3    Str:  8    XL:     3   Next: 79%
Magic:  5/5        EV: 26    Int: 13    God:
Gold:   48         SH:  0    Dex: 18    Spells: 4/4 levels left

rFire   . . .        a - +1 sling
rCold   . . .        (no shield)
rNeg    . . .        m - +0 leather armour
rPois   .            (helmet restricted)
rElec   .            (no cloak)
rCorr   .            (no gloves)
SInv    .            (boots unavailable)
Will    .....        (no amulet)
Stlth   +            (no ring)
HPRegen 0.23/turn    (no ring)
MPRegen 0.09/turn

%: acrobat
@: acrobatic
A: beak, talons 3, acrobatic
a: no special abilities


You were on level 3 of the Dungeon.
You visited 1 branch of the dungeon, and saw 3 of its levels.

You collected 48 gold pieces.

Inventory:

Hand Weapons
 a - a +1 sling (weapon)
Armour
 c - a +0 robe
 m - a +0 leather armour (worn)
Scrolls
 b - a scroll of poison
 f - a scroll of acquirement {unknown}
 h - a scroll of revelation {unknown}
 i - a scroll of immolation {unknown}
 j - 2 scrolls of teleportation {unknown}
 k - a scroll of fear {unknown}
 n - a scroll of identify {unknown}
 o - a scroll of torment {unknown}
Potions
 d - a potion of berserk rage {unknown}
 e - a potion of heal wounds {unknown}
 g - a potion of brilliance {unknown}
 l - a potion of lignification {unknown}


   Skills:
 - Level 1.0 Fighting
 + Level 4.3 Ranged Weapons
 - Level 2.1 Dodging
 - Level 1.0 Spellcasting
 - Level 2.2 Hexes
 - Level 1.1 Fire Magic


You had 4 spell levels left.
You didn't know any spells.
Your spell library contained the following spells:

 Spells                   Type           Power      Damage    Failure   Level
 Jinxbite                 Hex            12%        N/A       24%         2
 Sigil of Binding         Hex            6%         N/A       43%         3
 Inner Flame              Hex/Fire       5%         N/A       52%         3
 Cause Fear               Hex            3%         N/A       85%         4
 Dimensional Bullseye     Hex/Tloc       1%         N/A       95%         4


Dungeon Overview and Level Annotations

Branches:
Dungeon (3/15)

Altars:
Qazlal


Innate Abilities, Weirdness & Mutations

You have a beak for a mouth.
You have claws for feet.
You can magically evade attacks while moving or waiting.


Message History

Press: ? - help, Q - select action Shift-Dir - straight line, f/p - orc
Aim: an orc, wielding a +0 dagger and wearing a +0 leather armour (62% to hit)
You shoot a sling bullet.
The sling bullet hits the orc but does no damage.
Unknown command.
Fire: a) +1 sling
Press: ? - help, Q - select action Shift-Dir - straight line, f/p - orc
Aim: an orc, wielding a +0 dagger and wearing a +0 leather armour (62% to hit)
You shoot a sling bullet.
The sling bullet completely misses the orc.
Unknown command.
Fire: a) +1 sling
Press: ? - help, Q - select action Shift-Dir - straight line, f/p - orc
Aim: an orc, wielding a +0 dagger and wearing a +0 leather armour (62% to hit)
You shoot a sling bullet. The sling bullet hits the orc.
The orc is almost dead.
The orc hits you with a +0 dagger.
Fire: a) +1 sling
Press: ? - help, Q - select action Shift-Dir - straight line, f/p - orc
Aim: an orc, wielding a +0 dagger and wearing a +0 leather armour (severely wounded, 62% to hit)
You shoot a sling bullet. The sling bullet hits the orc.
You kill the orc!
You hear some strange, mumbled words.
Something tries to affect you, but you resist.
You hear some strange, mumbled words.
You are confused.
You bump into the rock wall.
You hear some strange, mumbled words.
Something tries to affect you, but you resist.
You bump into the rock wall.
Something barely misses you.
You bump into the rock wall.
You feel less confused. Something hits you.
A magic dart appears from out of thin air!
The magic dart hits you!
A puff of flame appears from out of thin air!
The puff of flame hits you!
Ouch! That really hurt!
You die...

#.# #.# #.# #.# #.#
#.# #.#
###################{#
................@...#
#####################


There were no monsters in sight!

Vanquished Creatures
  2 adders
  A dart slug (D:2)
  3 orcs (D:3)
  4 ball pythons
  A bat (D:2)
  An endoplasm (D:1)
  4 goblins
  4 hobgoblins
  A quokka (D:1)
  2 frilled lizards
  A kobold (D:2)
  A rat (D:2)
25 creatures vanquished.

Notes
Turn   | Place    | Note
-------+----------+-------------------------------------------
     0 | D:1      | Spyfire242 the Tengu Hexslinger began the quest for the
                  | Orb.
     0 | D:1      | Reached XP level 1. HP: 12/12 MP: 3/3
   402 | D:1      | Found a faded altar of an unknown god.
   565 | D:1      | Reached XP level 2. HP: 16/16 MP: 4/4
   596 | D:1      | Reached skill level 3 in Ranged Weapons
   779 | D:1      | Upgraded the game from 0.32-a0-834-geaf45d8e21 to
                  | 0.32-a0-859-gb0a091d592
   989 | D:2      | Reached XP level 3. HP: 20/20 MP: 5/5
  1222 | D:2      | Found a stormy altar of Qazlal.
  1383 | D:3      | Reached skill level 4 in Ranged Weapons
  1657 | D:3      | Killed from afar by an orc wizard

Illustrated notes

Levels and vault maps discovered:
D:1:      minmay_arrival_five_plusses, layout_loops_corners,
          hellmonk_ecumenical_altar_leap_of_faith
D:2:      layout_loops_ring, basic_altar
D:3:      layout_basic, general_overflow_altar, minmay_guardbox

Skill      XL: |  1  2  3 |
---------------+----------+-----
Ranged Weapons | 3 4 |  4.3
Fighting       | |  1.0
Dodging        | |  2.1
Spellcasting   | |  1.0
Hexes          | |  2.2
Fire Magic     | |  1.1

Action                     || total
---------------------------++-------
   Fire: Sling             ||    83
 Armour: Robe              ||    11
         Leather armour    ||    12
  Dodge: Dodged            ||    27

Table legend: (Time is in decaauts)
 A = Elapsed time spent in this place.
 B = Non-inter-level travel time spent in this place.
 C = Inter-level travel time spent in this place.
 D = Time resting spent in this place.
 E = Time spent auto-exploring this place.
 F = Levels seen in this place.
 G = Mean time per level.
                   A        B        C        D        E       F      G
               +--------+--------+--------+--------+--------+-----+--------+
         Total |   1677 |   1597 |     80 |    150 |   1120 |   3 |  559.0 |
       Dungeon |   1677 |   1597 |     80 |    150 |   1120 |   3 |  559.0 |
               +--------+--------+--------+--------+--------+-----+--------+

Top non-repeatable levels by time:
     D:1: 893 daAuts
     D:2: 508 daAuts
     D:3: 275 daAuts
